 Dungeon Crawl Stone Soup version 0.30.0-5-g1a98f26d00 (webtiles) character file.

Game seed: 14188382705135542847

1418 Sleet the Tainter (level 8, -12/54 (62) HPs)
             Began as a Naga Venom Mage on May 8, 2023.
             Was an Initiate of Vehumet.
             Mangled by a wight
             ... wielding a +0 morningstar
              (13 damage)
             ... on level 6 of the Dungeon.
             The game lasted 00:11:48 (7526 turns).

Sleet the Tainter (Naga Venom Mage)                 Turns: 7526, Time: 00:11:49

HP:   -12/54 (62)   AC:  5    Str: 11    XL:     8   Next: 71%
MP:   10/14         EV: 10    Int: 18    God:    Vehumet [......]
Gold: 124           SH:  0    Dex: 11    Spells: 8/15 levels left

rFire   . . .        (no weapon)
rCold   . . .        (no shield)
rNeg    . . .        a - +1 robe
rPois   +            k - +0 helmet
rElec   .            (no cloak)
rCorr   +            (no gloves)
SInv    +            (no barding)
Will    ++...        (no amulet)
Stlth   +++          o - ring of resist corrosion
HPRegen 0.29/turn    h - ring of willpower
MPRegen 0.14/turn

%: no passive effects
@: heavily drained, very slow
A: AC +2, large, see invisible, deformed body, poison resistance, slowness 2,
spit poison 1, naga tail 1
a: Spit Poison, Renounce Religion


You were on level 6 of the Dungeon.
You worshipped Vehumet.
Vehumet was noncommittal.
You visited 2 branches of the dungeon, and saw 7 of its levels.

You collected 244 gold pieces.
You spent 120 gold pieces at shops.

Inventory:

Missiles
 r - a throwing net
Armour
 a - a +1 robe (worn)
 k - a +0 helmet (worn)
Jewellery
 g - an amulet of faith
 h - a ring of willpower (right hand)
 o - a ring of resist corrosion (left hand)
 s - a ring of fire
Scrolls
 l - a scroll of identify
 q - a scroll of enchant weapon
Potions
 c - 5 potions of curing
 d - a potion of haste
 e - 2 potions of attraction
 i - 3 potions of flight
 j - a potion of berserk rage {unknown}
 m - a potion of brilliance
 p - 2 potions of mutation


   Skills:
 - Level 1.4 Staves
 + Level 3.8 Dodging
 + Level 6.5 Stealth
 + Level 4.0 Spellcasting
 - Level 2.0 Transmutations
 * Level 9.0 Poison Magic
 + Level 3.9 Evocations


You had 8 spell levels left.
You knew the following spells:

 Your Spells              Type           Power      Damage    Failure   Level
a - Sting                 Tmut/Pois      92%        1d7       1%          1
b - Poisonous Vapours     Pois/Air       38%        N/A       3%          2
c - Olgreb's Toxic Radia  Pois           36%        N/A       3%          4

Your spell library contained the following spells:

 Spells                   Type           Power      Damage    Failure   Level
 Spider Form              Tmut/Pois      23%        N/A       4%          3
 Mephitic Cloud           Conj/Pois/Air  14%        N/A       13%         3
 Ensorcelled Hibernation  Hex/Ice        6%         N/A       22%         2
 Ozocubu's Armour         Ice            3%         N/A       41%         3
 Portal Projectile        Hex/Tloc       6%         N/A       41%         3
 Tukima's Dance           Hex            3%         N/A       41%         3
 Anguish                  Hex/Necr       1%         N/A       82%         4
 Blade Hands              Tmut           5%         N/A       87%         5
 Metabolic Englaciation   Hex/Ice        1%         N/A       99%         5
 Simulacrum               Ice/Necr       1%         N/A       100%        6


Dungeon Overview and Level Annotations

Branches:
Dungeon (6/15)             Temple (1/1) D:6

Altars:
Cheibriados
Dithmenos
Gozag
Hepliaklqana
Kikubaaqudgha
Makhleb
Nemelex Xobeh
Qazlal
Sif Muna
Trog
Uskayaw
Vehumet
Wu Jian
Xom
Yredelemnul
Zin

Shops:
D:4 *


Innate Abilities, Weirdness & Mutations

Your serpentine skin is tough. (AC +2)
You have supernaturally acute eyesight. (SInv)
Armour fits poorly on your strangely shaped body.
Your system is resistant to poisons. (rPois)
You cover ground very slowly.
You can spit poison.
You have a snake-like lower body.


Message History

You kill the orc priest!
Vehumet accepts your kill.
Your toxic aura wanes.
Your Spellcasting skill increases to level 4!
Your Poison Magic skill increases to level 9!
A wight is nearby!
The sting hits the wight.
The wight partially resists.
The wight is lightly damaged.
The sting misses the wight.
The wight hits you with a +4 long sword!
The sting hits the wight but does no damage.
The wight is lightly damaged.
The wight barely misses you.
The sting hits the wight.
The wight partially resists.
The wight is lightly damaged.
The wight closely misses you.
The sting hits the wight.
The wight partially resists.
The wight is moderately damaged.
The wight hits you with a +4 long sword.
You feel drained.
Okay, then.
As you read the scroll of fog, it crumbles to dust.
The scroll dissolves into smoke.
The wight hits you with a +4 long sword!
You feel drained.
The wight hits you with a +4 long sword!
The wight hits you with a +4 long sword.
You feel drained.
* * * LOW HITPOINT WARNING * * *
The wight barely misses you. The wight attacks as you move away!
The wight hits you with a +0 morningstar!
* * * LOW HITPOINT WARNING * * *
You feel drained.
* * * LOW HITPOINT WARNING * * *
Found a cloak.
The wight hits you with a +4 long sword.
* * * LOW HITPOINT WARNING * * *
The wight hits you with a +0 morningstar!
You die...

#...............#.#...
###.........^..........
.###.....).........#.#.#..
.........).......#.).....#
##....§.§......#...#.>.#..
#..#.§§§........#.....÷.#
...##)§§§§.........#.#.#).
......§§zz§..............#
.##..§§§§@§.......#.#.#.##
#...######..#...##......##
..## #...# ##.#.#...# .#
##.$[.......#..
#.....#...... ###<##.....
# ##..<. #.... #....


You could see 2 wights.

Vanquished Creatures
  A komodo dragon (D:6)
  A black bear (D:5)
  3 ogres
  A phantom (D:5)
  A bullfrog (D:5)
  A scorpion (D:5)
  2 orc priests
  2 jellies (D:5)
  3 hounds
  Jessica (D:2)
  4 iguanas
  A sleepcap (D:3)
  Natasha (thrice) (D:3)
  An orc wizard (D:5)
  Robin (D:2)
  7 adders
  A white imp (D:6)
  An ufetubus (D:5)
  3 worms
  A dart slug (D:4)
  13 orcs
  3 ball pythons
  6 endoplasms
  2 giant cockroaches (D:1)
  9 goblins
  10 hobgoblins
  3 quokkas
  4 bats
  A frilled lizard (D:1)
  5 kobolds
  3 rats
98 creatures vanquished.

Notes
Turn   | Place    | Note
-------+----------+-------------------------------------------
     0 | D:1      | Sleet the Naga Venom Mage began the quest for the Orb.
     0 | D:1      | Reached XP level 1. HP: 15/15 MP: 3/3
   263 | D:1      | Reached XP level 2. HP: 22/22 MP: 1/5
   266 | D:1      | Learned a level 2 spell: Poisonous Vapours
   458 | D:1      | You fall into a shaft and drop 1 floor!
   983 | D:1      | Found a faded altar of an unknown god.
  1550 | D:2      | Noticed Jessica
  1557 | D:2      | Killed Jessica
  1558 | D:2      | Reached skill level 1 in Evocations
  1558 | D:2      | Reached XP level 3. HP: 10/28 MP: 4/6
  1564 | D:2      | Reached skill level 1 in Staves
  1565 | D:2      | Noticed Robin
  1826 | D:2      | Killed Robin
  1827 | D:2      | Reached XP level 4. HP: 31/36 MP: 0/7
  1886 | D:2      | Reached skill level 5 in Poison Magic
  2184 | D:3      | Found a sparkling altar of Nemelex Xobeh.
  2277 | D:3      | Reached XP level 5. HP: 40/42 MP: 1/8
  2825 | D:3      | Noticed Natasha
  2831 | D:3      | Learned a level 4 spell: Olgreb's Toxic Radiance
  2841 | D:3      | Killed Natasha
  2883 | D:3      | Noticed Natasha
  2974 | D:3      | Found an ancient bone altar of Kikubaaqudgha.
  3385 | D:3      | Killed Natasha
  3489 | D:3      | Noticed Natasha
  3497 | D:3      | Killed Natasha
  3771 | D:4      | Reached skill level 6 in Poison Magic
  3771 | D:4      | Reached XP level 6. HP: 49/49 MP: 4/10
  4432 | D:4      | Reached XP level 7. HP: 55/55 MP: 0/11
  4791 | D:4      | Found Modghoasi's General Store.
  4821 | D:4      | Bought a potion of mutation for 96 gold pieces
  5506 | D:4      | Bought a scroll of identify for 24 gold pieces
  5544 | D:5      | Entered Level 5 of the Dungeon
  5625 | D:5      | Reached skill level 7 in Poison Magic
  5759 | D:5      | Reached skill level 5 in Stealth
  6089 | D:5      | Reached XP level 8. HP: 27/62 MP: 1/13
  6280 | D:5      | Found a stormy altar of Qazlal.
  6280 | D:5      | Found a burning altar of Makhleb.
  6315 | D:5      | Reached skill level 8 in Poison Magic
  7029 | D:6      | Found a staircase to the Ecumenical Temple.
  7038 | D:6      | Noticed a komodo dragon
  7047 | Temple   | Entered the Ecumenical Temple
  7166 | Temple   | Became a worshipper of Vehumet
  7187 | D:6      | HP: 2/62 [komodo dragon (23)]
  7189 | D:6      | Killed a komodo dragon
  7438 | D:6      | Reached skill level 9 in Poison Magic
  7526 | D:6      | HP: 1/54 [wight/+4 long sword (3)]
  7526 | D:6      | Mangled by a wight

Illustrated notes

Levels and vault maps discovered:
D:1:      sevenhm_arrival_forest_fort_large_4, layout_basic,
          shapermc_ecumenical_altar_ellora, minmay_misc_feat_tower
D:2:      layout_loops_ring, uniq_robin, uniq_jessica
D:3:      layout_basic, mainiacjoe_overflow_chevrons,
          mainiacjoe_overflow_cross_hatched, chequers_hall_statues_y,
          grunt_ministairs_12, minmay_door_square, minivault_4,
          grunt_decor_junction, kennysheep_nub, uniq_natasha
D:4:      layout_layer_cave, serial_shops, shop
D:5:      layout_basic, nicolae_overflow_two_pavilions,
          nicolae_elevator_lobby_plus
D:6:      layout_rooms, mainiacjoe_overflow_surrounded_room,
          minmay_temple_entry_sparse_star
Temple:   lightli_temple_of_artemis

Skill      XL: |  1  2  3  4  5  6  7  8 |
---------------+-------------------------+-----
Evocations     | 1 2 3 |  3.9
Staves         | 1 |  1.4
Dodging        | 2 3 |  3.8
Poison Magic   | 5 6 7 9 |  9.0
Stealth        | 4 5 6 |  6.5
Transmutations | 2 |  2.0
Spellcasting   | 3 4 |  4.0

Action                     |  1- 3 |  4- 6 |  7- 9 || total
---------------------------+-------+-------+-------++-------
  Melee: Unarmed           |     4 |    27 |    29 ||    60
   Cast: Sting             |    55 |   122 |    91 ||   268
         Olgreb's Toxic Ra |       |     2 |    13 ||    15
Ability: Spit Poison       |     3 |    13 |     7 ||    23
    Use: Potion            |     1 |       |     1 ||     2
         Scroll            |       |     8 |     5 ||    13
 Armour: Robe              |     3 |    30 |    35 ||    68
  Dodge: Dodged            |    28 |    53 |    56 ||   137
